 Dungeon Crawl Stone Soup version 0.28.0-53-g5a82cb258f (webtiles) character file.

Game seed: 10287590612992967612

14530 Peloso the Carver (level 11, -13/101 HPs)
             Began as a Minotaur Fighter on June 24, 2022.
             Was a High Priest of Okawaru.
             Shot with a bolt by a yaktaur captain (29 damage)
             ... on level 11 of the Dungeon.
             The game lasted 00:31:24 (12803 turns).

Peloso the Carver (Minotaur Fighter)               Turns: 12803, Time: 00:31:27

Health: -13/101    AC: 18    Str: 26    XL:     11   Next: 89%
Magic:  11/11      EV: 15    Int:  1    God:    Okawaru [*****.]
Gold:   852        SH:  5    Dex: 11    Spells: 10/10 levels left

rFire   . . .      SeeInvis .   a - +4 scimitar
rCold   + . .      Faith    +   e - +0 buckler
rNeg    . . .      Spirit   .   K - +7 scale mail "Xorch" {rElec Str+2 Int-4}
rPois   .          Reflect  .   (helmet restricted)
rElec   +          Harm     .   H - +0 cloak
rCorr   .          Rampage  .   A - +0 pair of gloves
Will    .....                   (no boots)
Stlth   ..........              z - amulet of faith
HPRegen 0.26/turn               t - +4 ring of evasion
MPRegen 0.12/turn               I - ring of protection from cold

@: about to teleport
A: horns 2, retaliatory headbutt
a: Renounce Religion, Heroism, Finesse, Duel


You were on level 11 of the Dungeon.
You worshipped Okawaru.
Okawaru was extremely pleased with you.
You visited 2 branches of the dungeon, and saw 12 of its levels.
You also visited: Bailey.

You collected 852 gold pieces.

Inventory:

Hand Weapons
 a - a +4 scimitar (weapon)
 b - a +0 broad axe of flaming
 c - the +9 hunting sling of Rutim {flame, Int-3 Dex+8}
   (You found it on level 4 of the Dungeon)

   Any ammunition fired from it burns those it strikes, dealing additional fire
   damage.
   Int:       It affects your intelligence (-3).
   Dex:       It affects your dexterity (+8).
Missiles
 o - 69 sling bullets
Armour
 e - a +0 buckler (worn)
 n - a +0 plate armour
 A - a +0 pair of gloves (worn)
 H - a +0 cloak (worn)
 K - the +7 scale mail "Xorch" (worn) {rElec Str+2 Int-4}
   (Okawaru gifted it to you on level 9 of the Dungeon)

   Str:       It affects your strength (+2).
   Int:       It affects your intelligence (-4).
   rElec:     It insulates you from electricity.
Jewellery
 l - a ring of magical power
 t - a +4 ring of evasion (left hand)
 z - an amulet of faith (around neck)
 F - a ring of positive energy
 I - a ring of protection from cold (right hand)
 J - a ring of see invisible
Wands
 j - a wand of iceblast (12)
 v - a wand of flame (22)
 w - a wand of polymorph (3)
 B - a wand of mindburst (13)
 D - a wand of paralysis (10)
Scrolls
 h - 2 scrolls of magic mapping
 i - a scroll of fear
 k - 2 scrolls of identify
 p - 2 scrolls of blinking
 s - a scroll of fog
 u - a scroll of enchant weapon {unknown}
 y - a scroll of enchant armour {unknown}
 C - 2 scrolls of brand weapon {unknown}
 G - 2 scrolls of amnesia {unknown}
Potions
 d - a potion of brilliance {unknown}
 f - 3 potions of heal wounds
 g - 8 potions of curing
 m - 3 potions of invisibility
 r - 4 potions of mutation
 x - a potion of haste
 E - 3 potions of magic {unknown}


   Skills:
 + Level 10.3 Fighting
 + Level 12.7 Long Blades
 + Level 2.2 Maces & Flails
 + Level 8.5 Slings
 + Level 10.7 Armour
 + Level 5.1 Dodging
 + Level 2.1 Stealth
 + Level 7.7 Shields
 + Level 1.6 Invocations


You had 10 spell levels left.
You didn't know any spells.
Your spell library contained the following spells:

 Spells                   Type           Power      Damage    Failure   Level
 Beastly Appendage        Tmut           0%         N/A       86%         1
 Foxfire                  Conj/Fire      0%         2x1d4     86%         1
 Shock                    Conj/Air       0%         1d3       86%         1
 Slow                     Hex            0%         N/A       86%         1
 Scorch                   Fire           0%         2d5       95%         2
 Sublimation of Blood     Necr           0%         N/A       95%         2
 Wereblood                Tmut           0%         N/A       95%         2
 Confusing Touch          Hex            0%         N/A       99%         3
 Conjure Flame            Conj/Fire      0%         6-21      99%         3
 Inner Flame              Hex/Fire       0%         N/A       99%         3
 Spider Form              Tmut/Pois      0%         N/A       99%         3
 Swiftness                Air            0%         N/A       99%         3
 Vampiric Draining        Necr           0%         2d6       99%         3
 Airstrike                Air            0%         N/A       100%        4
 Flame Wave               Conj/Fire      0%         2d4       100%        4
 Summon Cactus Giant      Summ           Unusable   N/A       N/A         6
 Summon Hydra             Summ           Unusable   N/A       N/A         7

Dungeon Overview and Level Annotations

Branches:
Dungeon (11/15)            Temple (1/1) D:6            Lair (0/6) D:10
 Bailey (visited)
    Orc: D:9-12

Altars:
Ashenzari
Cheibriados
Dithmenos
Elyvilon
Fedhas
Gozag
Hepliaklqana
Kikubaaqudgha
Makhleb
Nemelex Xobeh
Okawaru
Qazlal
Ru
Sif Muna
Trog
Uskayaw
Vehumet
Wu Jian
Xom
Yredelemnul
Zin
The Shining One

Shops:
D:4 :   D:7 =   D:8 (   D:9 *

Annotations:
D:3 1 runed translucent door, Crazy Yiuf
D:5 1 runed translucent door, kalagan's ghost, novice DECj
D:9 3 runed translucent doors, Banquo's ghost, journeyman DjFE
D:11 Erica


Innate Abilities, Weirdness & Mutations

You have a pair of horns on your head.
You reflexively headbutt those who attack you in melee.


Message History

You start resting.
The sentinel's mark upon you fades away.
You start resting.
A yaktaur captain comes into view.
A yaktaur captain is nearby!
Aiming: Iceblast
Press: ? - help, Shift-Dir - straight line, f - yaktaur captain
Aim: a yaktaur captain, quivering bolts The mass of ice explodes!
The iceblast engulfs the yaktaur captain!
The yaktaur captain is lightly wounded.
The yaktaur captain wields a +0 arbalest.
The yaktaur captain shoots a bolt.
The bolt closely misses you.
A troll comes into view.
As you read the scroll of teleportation, it crumbles to dust.
You feel strangely unstable.
Okay, then.
Aiming: Iceblast
Press: ? - help, Shift-Dir - straight line, f/p - yaktaur captain
Aim: a yaktaur captain, wielding a +0 arbalest and quivering bolts (lightly wounded)
The mass of ice explodes!
The iceblast engulfs the yaktaur captain!
The yaktaur captain is moderately wounded.
The iceblast engulfs the troll!
The troll is heavily wounded.
You hear a howl!
The yaktaur captain shoots a bolt.
You block the bolt.
A howler monkey comes into view.
Aiming: Iceblast
Press: ? - help, Shift-Dir - straight line, f/p - yaktaur captain
Aim: a yaktaur captain, wielding a +0 arbalest and quivering bolts (moderately wounded)
The mass of ice explodes!
The iceblast engulfs the yaktaur captain!
The yaktaur captain is heavily wounded.
The iceblast engulfs the howler monkey!
The howler monkey is severely wounded.
The iceblast engulfs the troll!
The troll is severely wounded.
The yaktaur captain shoots a bolt.
The bolt hits you!!
You die...

#########
.....?..#
......)@#
....T...#
....c...#
##.h#####
#.. #. #


You could see a yaktaur captain, a troll and a howler monkey.

Vanquished Creatures
  A fire giant (D:11)
  A hydra (D:9)
  2 vault guards (Bailey)
  A death knight (D:9)
  A two-headed ogre (D:9)
  Urug (D:10)
  Pikel (D:5)
  Maurice (D:11)
  A kobold demonologist (D:9)
  Maggie (D:9)
  A troll (D:8)
  Prince Ribbit (Bailey)
  A vampire (D:9)
  A wraith (D:9)
  5 yaks (D:9)
  Eustachio (D:5)
  4 humans (Bailey)
  3 wyverns
  3 steam dragons
  2 wargs (D:10)
  An acid dragon (D:10)
  2 hornet zombies
  A sky beast (D:6)
  2 ice beasts
  6 orc warriors
  An ogre (D:4)
  6 centaurs
  A lemure (D:5)
  2 phantoms
  2 kobold brigands (D:9)
  20 bullfrogs
  A wyvern zombie (D:5)
  A water moccasin skeleton (D:6)
  7 howler monkeys (D:9)
  13 wights
  An electric eel (D:6)
  A bullfrog zombie (D:6)
  8 orc priests
  6 centaur skeletons
  2 centaur zombies
  A bullfrog skeleton (D:7)
  A hound (D:6)
  A gnoll shaman (D:5)
  4 iguanas
  Ijyb (D:5)
  9 orc wizards
  A killer bee zombie (D:8)
  A spectral howler monkey (D:9)
  A hound skeleton (D:4)
  2 howler monkey zombies
  7 gnolls
  6 adders
  A shadow imp (D:5)
  An ufetubus (D:5)
  An adder skeleton (D:5)
  3 worms
  A dart slug (D:1)
  28 orcs
  5 bats
  3 endoplasms
  2 giant cockroaches (D:2)
  11 hobgoblins
  7 jackals (D:1)
  8 kobolds
  2 quokkas
  5 ball pythons
  A frilled lizard (D:2)
  10 goblins
  6 rats
247 creatures vanquished.

Vanquished Creatures (others)
  3 fungi (D:3)
  2 plants
  2 withered plants (D:5)
7 creatures vanquished.

Grand Total: 254 creatures vanquished

Notes
Turn   | Place    | Note
-------+----------+-------------------------------------------
     0 | D:1      | Peloso the Minotaur Fighter began the quest for the Orb.
     0 | D:1      | Reached XP level 1. HP: 19/19 MP: 0/0
   239 | D:1      | Reached XP level 2. HP: 27/27 MP: 1/1
   929 | D:2      | Reached XP level 3. HP: 33/33 MP: 2/2
  1398 | D:2      | Reached skill level 3 in Long Blades
  1774 | D:3      | Reached XP level 4. HP: 40/40 MP: 3/3
  1869 | D:3      | Found a faded altar of an unknown god.
  2200 | D:3      | Found an ornate altar of the Wu Jian Council.
  2335 | D:4      | Reached skill level 1 in Dodging
  2491 | D:4      | Found a blossoming altar of Fedhas.
  2511 | D:4      | Identified the +9 hunting sling of Rutim {flame, Int-3
                  | Dex+8}
  2662 | D:3      | Found a runed translucent door.
  2663 | D:3      | Noticed Crazy Yiuf
  2746 | D:4      | Noticed an ogre
  2748 | D:4      | Killed an ogre
  2749 | D:4      | Reached skill level 4 in Long Blades
  2749 | D:4      | Reached XP level 5. HP: 47/47 MP: 4/4
  2822 | D:4      | Found a glowing silver altar of Zin.
  2827 | D:4      | Found Tatusum's Book Boutique.
  3338 | D:5      | Entered Level 5 of the Dungeon
  3589 | D:5      | Reached skill level 1 in Slings
  3599 | D:5      | Found a runed translucent door.
  3602 | D:5      | Noticed a phantom
  3606 | D:5      | Killed a phantom
  3607 | D:5      | Reached skill level 5 in Armour
  3607 | D:5      | Reached XP level 6. HP: 55/55 MP: 5/5
  3608 | D:5      | Noticed kalagan's ghost (novice DECj)
  3718 | D:5      | Found a shimmering altar of Xom.
  3722 | D:5      | Found a white marble altar of Elyvilon.
  3722 | D:5      | Found a shimmering blue altar of Sif Muna.
  3724 | D:5      | Found a sparkling altar of Nemelex Xobeh.
  3724 | D:5      | Found a shimmering altar of Xom.
  3724 | D:5      | Found a shimmering blue altar of Sif Muna.
  3865 | D:5      | Reached skill level 5 in Fighting
  4026 | D:5      | Found an opulent altar of Gozag.
  4252 | D:5      | Noticed Pikel
  4271 | D:5      | Killed Pikel
  4272 | D:5      | Reached skill level 5 in Long Blades
  4272 | D:5      | Reached skill level 5 in Shields
  4272 | D:5      | Reached XP level 7. HP: 31/62 MP: 6/6
  4438 | D:5      | Reached XP level 8. HP: 70/70 MP: 7/7
  4438 | D:5      | Noticed Eustachio
  4503 | D:5      | Killed Eustachio
  4795 | D:5      | Noticed Ijyb
  4798 | D:5      | Killed Ijyb
  4834 | D:6      | Reached skill level 1 in Stealth
  4847 | D:6      | Reached skill level 6 in Long Blades
  4917 | D:6      | Found a staircase to the Ecumenical Temple.
  4941 | Temple   | Entered the Ecumenical Temple
  4991 | Temple   | Became a worshipper of Warmaster Okawaru
  5174 | D:6      | Found a bloodstained altar of Trog.
  5279 | D:6      | Reached skill level 5 in Slings
  5308 | D:6      | Reached skill level 7 in Long Blades
  5357 | D:6      | Found a burning altar of Makhleb.
  5530 | D:6      | Reached XP level 9. HP: 59/78 MP: 8/8
  6182 | D:7      | Reached * piety under Okawaru
  6719 | D:7      | Found Qarej's Jewellery Shop.
  7245 | D:8      | Noticed a troll
  7253 | D:8      | Killed a troll
  7253 | D:8      | Reached ** piety under Okawaru
  7254 | D:8      | Found Deupn's Antique Weapon Shoppe.
  7319 | D:8      | Reached skill level 8 in Long Blades
  7462 | D:8      | Found a hazy altar of Hepliaklqana.
  7558 | D:8      | Found a hide-covered altar of Uskayaw.
  7766 | D:8      | Found a basalt altar of Yredelemnul.
  7774 | D:8      | Found a sparkling altar of Nemelex Xobeh.
  8132 | D:9      | Reached *** piety under Okawaru
  8178 | D:9      | Found a runed translucent gate.
  8179 | D:9      | Noticed an eight-headed hydra
  8527 | D:9      | Reached skill level 9 in Long Blades
  8527 | D:9      | Reached XP level 10. HP: 30/86 MP: 9/9
  8628 | D:9      | Reached skill level 1 in Maces & Flails
  8672 | D:9      | Identified the +0 leather armour of Ychag {Rampage Will+}
  8766 | D:9      | Reached **** piety under Okawaru
  8931 | D:9      | Noticed a death knight
  8943 | D:9      | Killed a death knight
  8943 | D:9      | Received a gift from Okawaru
  9010 | D:9      | Noticed a two-headed ogre
  9020 | D:9      | Killed a two-headed ogre
  9020 | D:9      | Received a gift from Okawaru
  9020 | D:9      | Reached ***** piety under Okawaru
  9021 | D:9      | Reached skill level 10 in Long Blades
  9360 | D:9      | Killed an eight-headed hydra
  9361 | D:9      | Found a runed translucent gate.
  9366 | D:9      | Noticed Banquo's ghost (journeyman DjFE)
  9371 | D:9      | Noticed a skeletal warrior
  9372 | D:9      | Found a runed translucent gate.
  9373 | D:9      | Found an opulent altar of Gozag.
  9373 | D:9      | Found Elua's Assorted Antiques.
  9373 | D:9      | Noticed a cyclops
  9579 | D:9      | Identified the +7 scale mail "Xorch" {rElec Str+2 Int-4}
                  | (Okawaru gifted it to you on level 9 of the Dungeon)
  9579 | D:9      | Received a gift from Okawaru
 10026 | D:9      | Noticed Maggie
 10031 | D:9      | Killed Maggie
 10032 | D:9      | Reached XP level 11. HP: 88/97 MP: 7/10
 10521 | D:10     | Entered Level 10 of the Dungeon
 10567 | D:10     | Found a flagged portal.
 10580 | Bailey   | Entered a bailey
 10720 | Bailey   | Reached skill level 10 in Armour
 10725 | Bailey   | Reached skill level 11 in Long Blades
 10729 | Bailey   | Reached skill level 1 in Invocations
 10881 | Bailey   | Noticed a vault guard
 10891 | Bailey   | Killed a vault guard
 10902 | Bailey   | Noticed a vault guard
 10902 | Bailey   | Noticed Prince Ribbit
 10909 | Bailey   | Killed a vault guard
 10912 | Bailey   | Killed Prince Ribbit
 11304 | D:10     | Found a staircase to the Lair.
 11922 | D:10     | Reached skill level 12 in Long Blades
 11925 | D:10     | Reached skill level 10 in Fighting
 12149 | D:10     | Found a white marble altar of Elyvilon.
 12149 | D:10     | Noticed Urug
 12174 | D:10     | Killed Urug
 12175 | D:10     | Reached skill level 5 in Dodging
 12570 | D:10     | Found a sacrificial altar of Ru.
 12618 | D:11     | Noticed Maurice
 12631 | D:11     | Killed Maurice
 12760 | D:11     | Noticed a fire giant
 12771 | D:11     | Killed a fire giant
 12783 | D:11     | Noticed Erica
 12799 | D:11     | Noticed a yaktaur captain
 12803 | D:11     | Shot with a bolt by a yaktaur captain

Illustrated notes

Levels and vault maps discovered:
D:1:      dpeg_arrival_refuge, layout_loops_ring, minmay_misc_feat_more_columns
D:2:      layout_loops_cross, hangedman_decor_slide_cut, minmay_quadrilaterals
D:3:      layout_rooms, pdpol_wu_jian_five_deadly_venoms,
          chequers_ecumenical_altar_simple_redux, minmay_misc_feat_x,
          uniq_crazy_yiuf_cottage
D:4:      layout_basic, fedhas_altar_2, mainiacjoe_overflow_boulevard,
          serial_shops, shop
D:5:      layout_basic, doesnt_xom_only_xom,
          mainiacjoe_overflow_small_starburst, gammafunk_ghost_grave, uniq_ijyb,
          uniq_pikel, uniq_eustachio
D:6:      layout_rooms, trog_three_pillars_becter, marbit_many_paths,
          minmay_temple_entry_mini_moons, serial_bayou_pond_c,
          chequers_big_river
D:7:      layout_basic, serial_shops, kennysheep_little_box
D:8:      layout_basic, kennysheep_mini, nemelex_xobeh_ov_fountains_minmay,
          lemuel_coloured_pillars_altar, nicolae_uskayaw_suspiria, serial_shops,
          nicolae_shop_overgrown_old_shop, minivault_10, st_stairs_8
D:9:      layout_basic, ebering_ghost_gozag, hangedman_weighted_door,
          minmay_joined_circles, uniq_maggie
D:10:     mumra_celtic_spiral_tile, layout_loops_ring, elyvilon_altar_4,
          mainiacjoe_overflow_alcove_2, erik_lair_orcish_takeover,
          lightli_bailey_entry_fortress, uniq_urug
D:11:     minmay_chopped_fan, layout_rooms, uniq_erica, uniq_maurice
Temple:   compressed_dpeg_triangle_lava_temple

Skill      XL: |  1  2  3  4  5  6  7  8  9 10 11 |
---------------+----------------------------------+-----
Shields        | 4 5 6 7 |  7.7
Armour         | 4 5 6 7 8 9 10 | 10.7
Fighting       | 4 5 6 7 9 10 | 10.3
Long Blades    | 3 4 5 7 9 10 12 | 12.7
Dodging        | 2 3 4 5 |  5.1
Slings         | 1 4 5 6 8 |  8.5
Stealth        | 1 2 |  2.1
Maces & Flails | 2 |  2.2
Invocations    | 1 |  1.6

Action                   |  1- 3 |  4- 6 |  7- 9 | 10-12 || total
-------------------------+-------+-------+-------+-------++-------
Melee: Long sword        |     7 |       |       |       ||     7
       Falchion          |    86 |    65 |   129 |       ||   280
       Headbutt          |    11 |    17 |    47 |    57 ||   132
       Scimitar          |       |       |    50 |   288 ||   338
       Whip              |       |       |    19 |     1 ||    20
 Fire: Hunting sling     |       |    31 |    75 |    48 ||   154
Invok: Heroism           |       |       |     1 |     7 ||     8
Evoke: Wand              |       |       |       |     3 ||     3
  Use: Scroll            |     3 |     6 |     7 |     4 ||    20
       Potion            |       |     2 |       |     2 ||     4
 Stab: Sleeping          |       |       |       |     1 ||     1
Armor: Scale mail        |    44 |    28 |    63 |    86 ||   221
       Chain mail        |       |       |    18 |     6 ||    24
       Plate armour      |       |       |       |    19 ||    19
Dodge: Dodged            |    40 |    28 |   110 |   143 ||   321
Block: Buckler           |    16 |    10 |    62 |    59 ||   147
